 Dungeon Crawl Stone Soup version 0.28.0 (webtiles) character file.

Game seed: 13236330705434061816

53 browni3141 the Skirmisher (level 3, 0/24 HPs)
             Began as a Gargoyle Berserker on Feb 16, 2022.
             Was a Follower of Trog.
             Slain by a goblin (2 damage)
             ... led by Robin
             ... on level 2 of the Dungeon.
             The game lasted 00:00:31 (1307 turns).

browni3141 the Skirmisher (Gargoyle Berserker)      Turns: 1307, Time: 00:00:32

Health: 0/24       AC:  5    Str: 22    XL:     3   Next: 87%
Magic:  3/3        EV: 12    Int:  7    God:    Trog [*.....]
Gold:   93         SH:  0    Dex:  9    Spells: 2/2 levels left

rFire   . . .      SeeInvis .   a - +0 hand axe
rCold   . . .      Faith    .   (no shield)
rNeg    + . .      Spirit   .   b - +0 animal skin
rPois   ∞          Reflect  .   (no helmet)
rElec   +          Harm     .   (no cloak)
rCorr   .          Rampage  .   (no gloves)
Will    .....                   (no boots)
Stlth   +.........              (no amulet)
HPRegen 0.08/turn               (no ring)
MPRegen 0.08/turn               (no ring)

@: on berserk cooldown, slowed, very slow
A: sickness immunity, AC +3, negative energy resistance 1, electricity
resistance, torment resistance 1, petrification resistance
a: Renounce Religion, Berserk


You were on level 2 of the Dungeon.
You worshipped Trog.
Trog was aware of your devotion.
You visited 1 branch of the dungeon, and saw 2 of its levels.

You collected 93 gold pieces.

Inventory:

Hand Weapons
 a - a +0 hand axe (weapon)
Armour
 b - a +0 animal skin (worn)
Scrolls
 d - a scroll of identify {unknown}
 e - 2 scrolls of amnesia {unknown}
 g - a scroll of teleportation {unknown}
 h - a scroll of enchant armour {unknown}
Potions
 c - a potion of magic {unknown}
 f - 2 potions of ambrosia {unknown}
 i - a potion of flight {unknown}


   Skills:
 + Level 3.7 Fighting
 + Level 3.1 Axes
 + Level 2.8 Armour
 + Level 2.0 Dodging
 + Level 1.4 Stealth


You had 2 spell levels left.
You didn't know any spells.
Your spell library was empty.

Dungeon Overview and Level Annotations

Branches:
Dungeon (2/15)

Altars:

Shops:
D:1 =

Annotations:
D:2 Robin


Innate Abilities, Weirdness & Mutations

You are immune to sickness and miasma.
Your stone body is resilient. (AC +3)
You are immune to poison.
You resist negative energy. (rN+)
You are resistant to electric shocks. (rElec)
You are resistant to unholy torment.
You are immune to petrification.


Message History

The goblin no longer looks unusually strong.
The hobgoblin no longer looks unusually strong.
The hobgoblin hits you.
Items here: ( ))))) †††.
You slash the hobgoblin!
You kill the hobgoblin!
Trog accepts your kill.
Found a stone staircase leading down.
The goblin closely misses you.
You closely miss the goblin. The goblin hits you with a +0 club.
You slash the goblin!
You kill the goblin!
Trog accepts your kill.
You slash the hobgoblin!
You kill the hobgoblin!
Trog accepts your kill.
You are no longer berserk.
You are exhausted.
You feel yourself slow down.
Things that are here:
a +0 club; 13 gold pieces You miss the goblin.
The goblin misses you.
A kobold comes into view. It is wielding a +0 short sword.
The goblin hits you with a +0 dagger.
* * * LOW HITPOINT WARNING * * *
You are too injured to fight recklessly!
The kobold shouts!
You hit the goblin.
You kill the goblin!
Trog accepts your kill. Robin throws the goblin at you!
You are too injured to fight recklessly!
You hit the goblin.
The goblin is severely wounded.
You hit the goblin.
You kill the goblin!
Trog accepts your kill. The goblin hits you with a +0 dagger.
* * * LOW HITPOINT WARNING * * *
The goblin hits you with a +0 dagger.
You die...

.........# .........#
.........######
..............#
..............#
....).........# #
..............# ..#
#######'#'#########gK.>#
#.#.....))@gSr#
#.############.#
#........<# ###########


You could see Robin, a quokka, a goblin (strong), a ball python and a kobold.

Vanquished Creatures
  Terence (D:2)
  A dart slug (D:2)
  A ball python (D:1)
  A bat (D:1)
  A giant cockroach (D:1)
  8 goblins
  3 hobgoblins (D:2)
  4 quokkas
  A frilled lizard (D:1)
  2 rats (D:1)
23 creatures vanquished.

Notes
Turn   | Place    | Note
-------+----------+-------------------------------------------
     0 | D:1      | browni3141 the Gargoyle Berserker began the quest for the
                  | Orb.
     0 | D:1      | Reached XP level 1. HP: 14/14 MP: 1/1
   229 | D:1      | Found Sumacw's Jewellery Emporium.
   455 | D:1      | Reached XP level 2. HP: 11/19 MP: 2/2
  1095 | D:2      | Noticed Terence
  1106 | D:2      | Killed Terence
  1107 | D:2      | Reached skill level 1 in Stealth
  1107 | D:2      | Reached XP level 3. HP: 17/24 MP: 3/3
  1280 | D:2      | Noticed Robin
  1307 | D:2      | Slain by a goblin

Illustrated notes

Levels and vault maps discovered:
D:1:      lemuel_arrival_cross, layout_loops_cross, serial_shops, shop
D:2:      layout_basic, chequers_ecumenical_altar_island, uniq_terence,
          uniq_robin

Skill      XL: |  1  2  3 |
---------------+----------+-----
Axes           | 3 |  3.1
Stealth        | 1 |  1.4
Dodging        | 2 |  2.0
Fighting       | |  3.7
Armour         | |  2.8

Action                   || total
-------------------------++-------
Melee: Hand axe          ||    83
       Punch             ||     2
Invok: Berserk           ||     2
 Stab: Sleeping          ||     2
Armor: Animal skin       ||    31
Dodge: Dodged            ||    43
